 Dungeon Crawl Stone Soup version 0.31.0-11-ge490571c62 (webtiles) character file.

Game seed: 685242123552851957

28781 Aviak the Immaculate (level 13, -24/104 HPs)
             Began as a Formicid Alchemist on Feb 2, 2024.
             Was a High Priest of Zin.
             Annihilated by a minotaur
             ... wielding a +3 scimitar of holy wrath
              (28 damage)
             ... in a Gauntlet.
             The game lasted 00:32:20 (15075 turns).

Aviak the Immaculate (Formicid Alchemist)          Turns: 15075, Time: 00:32:21

Health: -24/104    AC: 26    Str: 17      XL:     13   Next: 76%
Magic:  15/24      EV: 11    Int: 20      God:    Zin [*****.]
Gold:   810        SH:  0    Dex: 13 (14) Spells: 11/22 levels left

rFire   . . .        r - +7 whip of Prudence {heavy, rPois Dex+3}
rCold   + . .        (no shield)
rNeg    . . .        S - +0 swamp dragon scales {rPois}
rPois   +            (helmet unavailable)
rElec   .            u - +1 cloak
rCorr   .            g - +3 pair of gauntlets of War {Slay+5}
SInv    +            y - +0 pair of boots
Will    +....        o - amulet of regeneration
Stlth   +            A - +4 ring of protection
HPRegen 1.17/turn    O - ring "Leukis" {rC+ AC+4 Int+4 Dex-3}
MPRegen 0.19/turn

%: no passive effects
@: on recite cooldown
A: permanent stasis, dig shafts and tunnels, antennae 3, four strong arms,
deterioration 1, high MP 1
a: Dig, Renounce Religion, Recite, Vitalisation, Imprison, Sanctuary, Donate
Gold


You were in a Gauntlet.
You worshipped Zin.
Zin was extremely pleased with you.
You visited 3 branches of the dungeon, and saw 16 of its levels.
You also visited: Gauntlet.

You collected 899 gold pieces.
You donated 89 gold pieces to Zin.

Inventory:

Hand Weapons
 i - a +2 broad axe of electrocution
 r - the +7 whip of Prudence (weapon) {heavy, rPois Dex+3}
   (You found it on level 3 of the Dungeon)

   Dex+3:     It affects your dexterity (+3).
   rPois:     It protects you from poison
Missiles
 T - a throwing net {!f}
Armour
 g - the +3 pair of gauntlets of War (worn) {Slay+5}
   (You found it in a Gauntlet)

   Slay+5:    It affects your accuracy & damage with ranged weapons and melee
   (+5).
 u - a +1 cloak (worn)
 w - +0 ice dragon scales {rF- rC++}
 y - a +0 pair of boots (worn)
 J - a +0 pair of gloves
 N - the +2 robe "Earthly Heaven" {rF++ Will++ SInv}
   (You found it on level 10 of the Dungeon)

   rF++:      It greatly protects you from fire.
   Will++:    It greatly increases your willpower.
   SInv:      It lets you see invisible.
 S - +0 swamp dragon scales (worn) {rPois}
Jewellery
 d - a +4 ring of protection
 o - an amulet of regeneration (around neck)
 v - an amulet of reflection
 x - a ring of resist corrosion
 A - a +4 ring of protection (left hand)
 H - a +6 ring of intelligence
 O - the ring "Leukis" (right hand) {rC+ AC+4 Int+4 Dex-3}
   (You found it on level 10 of the Dungeon)

   [ring of protection]

   AC+4:      It affects your AC (+4).
   Int+4:     It affects your intelligence (+4).
   Dex-3:     It affects your dexterity (-3).
   rC+:       It protects you from cold.
 U - a ring of positive energy
Wands
 D - a wand of light (1)
 I - a wand of paralysis (1)
 X - a wand of flame (9)
Scrolls
 a - a scroll of revelation
 e - 2 scrolls of fog
 k - 5 scrolls of fear
 l - 6 scrolls of enchant weapon
 m - 3 scrolls of immolation
 n - a scroll of blinking {unknown}
 p - 5 scrolls of vulnerability {!r}
 s - 2 scrolls of summoning {!r}
 t - a scroll of poison {unknown}
 z - a scroll of enchant armour
 G - a scroll of brand weapon {unknown}
 K - a scroll of amnesia {unknown}
Potions
 b - a potion of magic
 c - 2 potions of curing
 f - 2 potions of brilliance
 q - 4 potions of mutation {!q}
 E - 2 potions of haste {unknown}
 L - 2 potions of lignification {unknown}
 P - a potion of might {unknown}
 V - a potion of enlightenment
 W - 2 potions of degeneration {unknown}
 Y - a potion of berserk rage {unknown}
 Z - a potion of attraction {unknown}


   Skills:
 + Level 10.6 Fighting
 + Level 0.0(6.1) Axes
 - Level 10.0 Maces & Flails
 + Level 10.7 Armour
 - Level 2.0 Dodging
 - Level 2.4 Stealth
 - Level 5.0 Spellcasting
 - Level 2.0 Conjurations
 - Level 4.0 Fire Magic
 - Level 10.0 Alchemy
 - Level 12.0 Invocations
 - Level 6.0 Evocations


You had 11 spell levels left.
You knew the following spells:

 Your Spells              Type           Power      Damage    Failure   Level
a - Sting                 Conj/Alch      100%       1d9       1%          1
b - Mercury Vapours       Alch/Air       50%        N/A       3%          2
c - Olgreb's Toxic Radia  Alch           45%        N/A       3%          4
d - Sticky Flame          Fire/Alch      33%        2d7       11%         4

Your spell library contained the following spells:

 Spells                   Type           Power      Damage    Failure   Level
 Cigotuvi's Dreadful Rot  Necr/Alch/Air  36%        N/A       8%          2
 Mephitic Cloud           Conj/Alch/Air  21%        N/A       11%         3
 Ignite Poison            Fire/Alch      33%        N/A       11%         4
 Momentum Strike          Conj/Tloc      18%        3d8       19%         2
 Lesser Beckoning         Tloc           10%        N/A       28%         2
 Dazzling Flash           Conj/Hex       18%        N/A       36%         3
 Stone Arrow              Conj/Erth      18%        3d8       36%         3
 Ozocubu's Armour         Ice            5%         N/A       50%         3
 Animate Armour           Summ/Erth      10%        N/A       88%         4
 Sculpt Simulacrum        Ice/Alch       12%        N/A       98%         6
 Curse of Agony           Necr           5%         N/A       99%         5
 Freezing Cloud           Conj/Ice/Air   3%         6-21      99%         5
 Metabolic Englaciation   Hex/Ice        2%         N/A       99%         5
 Silence                  Hex/Air        2%         N/A       99%         5
 Lehudib's Crystal Spear  Conj/Erth      4%         10d3      100%        8
 Blink                    Tloc           Unusable   N/A       N/A         2

Dungeon Overview and Level Annotations

Branches:
Dungeon (11/15)            Temple (1/1) D:6            Lair (4/5) D:11
  Swamp (0/4) Lair:3       Spider (0/4) Lair:3        Slime (0/5) Lair:4
    Orc (0/2) D:9         Gauntlet (1/1)

Altars:
Ashenzari
Cheibriados
Dithmenos
Elyvilon
Fedhas
Gozag
Hepliaklqana
Kikubaaqudgha
Makhleb
Nemelex Xobeh
Okawaru
Qazlal
Ru
Sif Muna
Trog
Uskayaw
Vehumet
Wu Jian
Xom
Yredelemnul
Zin
The Shining One

Annotations:
Temple 2 transporters
Lair:3 exclusion: oklob plant Gauntlet 6 transporters, exclusion: oklob plant


Innate Abilities, Weirdness & Mutations

You cannot be hasted, slowed, berserked, paralysed or teleported.
You can dig through walls and to a lower floor.
You have a pair of large antennae on your head. (SInv)
Your four strong arms can wield two-handed weapons with a shield.
Your body sometimes deteriorates upon taking damage.
You have an increased reservoir of magic. (+10% MP)


Message History

The minotaur gores you but does no damage.
You strike the helpless minotaur from behind!
You thrash the minotaur!!
The minotaur is severely wounded.
You hit the minotaur.
The minotaur is severely wounded.
The minotaur is no longer blind.
The minotaur hits you with a +3 scimitar of holy wrath!!
* * * LOW HITPOINT WARNING * * *
The minotaur gores you.
* * * LOW HITPOINT WARNING * * *
Aiming: Bolt of Light
Press: ? - help, Shift-Dir - straight line, f/p - minotaur
Aim: a minotaur, wielding a +3 scimitar of holy wrath, wearing a +0 chain mail and quivering silver javelins (severely wounded, very poisoned, 84% to hit)
The bolt of light misses the minotaur.
The minotaur hits you with a +3 scimitar of holy wrath!
* * * LOW HITPOINT WARNING * * *
The minotaur barely misses you.
Unknown command.
Aiming: Bolt of Light
Press: ? - help, Shift-Dir - straight line, f/p - minotaur
Aim: a minotaur, wielding a +3 scimitar of holy wrath, wearing a +0 chain mail and quivering silver javelins (severely wounded, very poisoned, 84% to hit)
The bolt of light hits the minotaur.
The minotaur is almost dead.
The minotaur is blinded.
The minotaur closely misses you.
The minotaur gores you but does no damage.
You hit the minotaur.
The minotaur is almost dead.
The minotaur hits you with a +3 scimitar of holy wrath!
* * * LOW HITPOINT WARNING * * *
The minotaur gores you but does no damage.
You hit the minotaur but do no damage.
The minotaur is almost dead.
The minotaur barely misses you.
The minotaur gores you but does no damage.
You closely miss the minotaur.
You punch the minotaur, but do no damage.
The minotaur is almost dead.
The minotaur hits you with a +3 scimitar of holy wrath!!
You die...

.[#.§§# .!#..###..#
#### .©#..≈##..##....#
.!#..###..##.##.#
..#..§##.....##.#
..#..###..##.##.###
..#..#....##....#.# ≈#
###..#©...##.##.#.#.≈≈#
.....#.......##.@H..∩≈#
...∩.#....##.##.#.#.≈≈#
###..#©...##....#.# ≈#
..#..#....##.##.###
.##..###.....##.#
###..≈##..##.##.#
#©#..###..##....#
..#..≈##..#######
..#..## ###


You could see a minotaur (blind, unable to see you, very poisoned).

Vanquished Creatures
  A hydra (Lair:2)
  A ghost crab (Lair:3)
  A boulder beetle (D:11)
  5 two-headed ogres
  A fire crab (Gauntlet)
  A skyshark (Lair:2)
  An arcanist (Gauntlet)
  A slime creature (Gauntlet)
  3 cyclopes (D:11)
  3 black mambas
  6 cane toads
  Maggie (D:6)
  Jeremiah (Lair:1)
  6 komodo dragons
  3 rime drakes
  Psyche (D:11)
  3 trolls
  A polar bear (Lair:2)
  Prince Ribbit (D:6)
  9 blink frogs
  Sigmund (D:6)
  A spectral lindwurm (Lair:3)
  A shadow (D:11)
  3 wyverns
  A vampire (D:11)
  27 yaks
  2 basilisks
  5 fire bats (Gauntlet)
  A wraith (D:10)
  2 redbacks (Lair:3)
  Menkaure (D:6)
  An acid dragon (D:8)
  3 hell hounds (Gauntlet)
  8 water moccasins
  A spectral blink frog (Lair:3)
  4 orc warriors
  A spectral polar bear (Lair:3)
  An ice beast (D:7)
  A sky beast (D:7)
  4 black bears
  11 wolves (Lair:2)
  A spectral rime drake (Lair:3)
  3 centaurs
  A phantom (D:7)
  3 kobold brigands
  6 bullfrogs
  A gnoll sergeant (D:11)
  4 scorpions
  3 wights (D:8)
  9 killer bees
  3 howler monkeys (D:10)
  An electric eel (Lair:1)
  2 lava snakes (Lair:1)
  4 hounds
  A jelly (Gauntlet)
  A gnoll bouda (D:7)
  6 orc priests
  6 orc wizards
  3 sleepcaps
  Natasha (twice) (D:4)
  4 iguanas
  8 adders
  10 gnolls
  A shadow imp (Gauntlet)
  4 white imps
  4 ufetubi (D:5)
  2 ribbon worms
  A dart slug (D:1)
  32 orcs
  6 ball pythons
  8 bats
  3 endoplasms
  2 giant cockroaches
  6 hobgoblins
  20 kobolds
  2 quokkas
  5 frilled lizards
  4 goblins
  3 rats
315 creatures vanquished.

Notes
Turn   | Place    | Note
-------+----------+-------------------------------------------
     0 | D:1      | Aviak the Formicid Alchemist began the quest for the Orb.
     0 | D:1      | Reached XP level 1. HP: 13/13 MP: 3/3
    47 | D:1      | Reached skill level 1 in Conjurations
   188 | D:1      | Reached XP level 2. HP: 19/19 MP: 1/5
   754 | D:1      | Reached XP level 3. HP: 17/25 MP: 0/6
  1358 | D:2      | Reached skill level 1 in Fighting
  1473 | D:2      | Found a glowing golden altar of the Shining One.
  1664 | D:2      | Reached XP level 4. HP: 32/32 MP: 1/8
  1733 | D:2      | Learned a level 2 spell: Mercury Vapours
  1798 | D:2      | Found a faded altar of an unknown god.
  2594 | D:3      | Identified the +7 whip of Prudence {heavy, rPois Dex+3}
  3078 | D:4      | Noticed Natasha
  3082 | D:4      | Killed Natasha
  3083 | D:4      | Reached XP level 5. HP: 38/38 MP: 6/9
  3139 | D:4      | Reached skill level 1 in Maces & Flails
  3139 | D:4      | Reached skill level 1 in Armour
  3139 | D:4      | Reached skill level 5 in Alchemy
  3150 | D:4      | Noticed Natasha
  3158 | D:4      | Killed Natasha
  3322 | D:4      | Reached XP level 6. HP: 44/44 MP: 5/11
  3779 | D:5      | Entered Level 5 of the Dungeon
  3953 | D:5      | Reached XP level 7. HP: 45/51 MP: 8/12
  4878 | D:6      | Noticed Sigmund
  4885 | D:6      | Killed Sigmund
  4886 | D:6      | Reached XP level 8. HP: 58/58 MP: 6/14
  5058 | D:6      | Noticed Maggie
  5060 | D:6      | Noticed Menkaure
  5065 | D:6      | Gained mutation: Your body sometimes deteriorates upon
                  | taking damage. [potion of mutation]
  5065 | D:6      | Gained mutation: You have an increased reservoir of magic.
                  | (+10% MP) [potion of mutation]
  5068 | D:6      | Killed Maggie
  5077 | D:6      | Killed Menkaure
  5262 | D:6      | Reached skill level 5 in Maces & Flails
  5325 | D:6      | Noticed Prince Ribbit
  5336 | D:6      | Killed Prince Ribbit
  5337 | D:6      | Reached XP level 9. HP: 59/66 MP: 12/18
  5356 | D:6      | Reached skill level 5 in Spellcasting
  5363 | D:6      | Learned a level 4 spell: Olgreb's Toxic Radiance
  5408 | D:6      | Found a staircase to the Ecumenical Temple.
  5518 | Temple   | Found a transporter.
  5518 | Temple   | Found a transporter.
  5518 | Temple   | Found a transporter.
  5518 | Temple   | Found a transporter.
  5518 | Temple   | Entered the Ecumenical Temple
  5539 | Temple   | Became a worshipper of Zin the Law-Giver
  5539 | Temple   | Reached * piety under Zin
  5999 | D:7      | Reached skill level 5 in Fighting
  6402 | D:7      | Reached skill level 5 in Armour
  6830 | D:8      | Reached ** piety under Zin
  7033 | D:8      | Reached skill level 1 in Invocations
  7184 | D:8      | Reached skill level 2 in Invocations
  7520 | D:8      | Reached skill level 3 in Invocations
  7520 | D:8      | Reached XP level 10. HP: 59/76 MP: 11/19
  7901 | D:9      | Reached skill level 4 in Invocations
  7909 | D:9      | Reached skill level 5 in Invocations
  7914 | D:9      | Reached skill level 6 in Invocations
  7922 | D:9      | Reached skill level 7 in Invocations
  8094 | D:9      | Reached skill level 8 in Invocations
  8163 | D:9      | Found a staircase to the Orcish Mines.
  8223 | D:9      | Identified the +8 trident of Greed {spect, MP+9}
  8248 | D:9      | Found an ornate altar of the Wu Jian Council.
  8250 | D:9      | Found a basalt altar of Yredelemnul.
  8386 | D:9      | Reached *** piety under Zin
  8462 | D:9      | Reached skill level 9 in Invocations
  8646 | D:9      | Noticed a two-headed ogre
  8661 | D:9      | Killed a two-headed ogre
  8662 | D:9      | Reached skill level 10 in Invocations
  8662 | D:9      | Reached skill level 1 in Evocations
  8947 | D:10     | Entered Level 10 of the Dungeon
  9006 | D:10     | Reached XP level 11. HP: 65/81 MP: 11/20
  9083 | D:10     | Identified the +2 robe "Earthly Heaven" {rF++ Will++ SInv}
  9164 | D:10     | Identified the ring "Leukis" {rC+ AC+4 Int+4 Dex-3}
  9230 | D:10     | Reached **** piety under Zin
  9299 | D:10     | Noticed a two-headed ogre
  9308 | D:10     | Killed a two-headed ogre
  9309 | D:10     | Reached skill level 5 in Evocations
  9521 | D:10     | Noticed a two-headed ogre
  9530 | D:10     | Killed a two-headed ogre
  9638 | D:10     | Found a snail-covered altar of Cheibriados.
  9831 | D:11     | Noticed a two-headed ogre
  9926 | D:10     | Killed a two-headed ogre
  9964 | D:11     | Noticed a cyclops
 10043 | D:11     | Noticed Psyche
 10049 | D:11     | Killed Psyche
 10076 | D:11     | Noticed a boulder beetle
 10083 | D:11     | Killed a cyclops
 10101 | D:11     | Killed a boulder beetle
 10236 | D:11     | Found a staircase to the Lair.
 10257 | D:11     | Noticed a two-headed ogre
 10269 | D:11     | Killed a two-headed ogre
 10270 | D:11     | Reached XP level 12. HP: 55/92 MP: 18/21
 10856 | D:11     | Reached ***** piety under Zin
 11345 | Lair:1   | Entered Level 1 of the Lair of Beasts
 11921 | Lair:1   | Reached skill level 11 in Invocations
 12309 | Lair:1   | Noticed Jeremiah
 12327 | Lair:1   | Killed Jeremiah
 12731 | Lair:2   | Reached skill level 12 in Invocations
 12828 | Lair:2   | Learned a level 4 spell: Sticky Flame
 13031 | Lair:2   | Reached skill level 1 in Fire Magic
 13050 | Lair:2   | Reached XP level 13. HP: 34/101 MP: 24/24
 13408 | Lair:2   | Noticed a five-headed hydra
 13417 | Lair:2   | Killed a five-headed hydra
 13791 | Lair:3   | Found a hole to the Spider Nest.
 13902 | Lair:3   | Noticed a ghost crab
 13919 | Lair:3   | Killed a ghost crab
 13986 | Lair:3   | Reached skill level 10 in Fighting
 13986 | Lair:3   | Reached skill level 10 in Armour
 14488 | Lair:3   | Found a staircase to the Swamp.
 14648 | Lair:4   | Reached skill level 10 in Maces & Flails
 14649 | Lair:4   | Reached skill level 10 in Alchemy
 14672 | Lair:4   | Found a gate leading to a gauntlet.
 14683 | Gauntlet | Entered a Gauntlet
 14683 | Gauntlet | Found a transporter.
 14683 | Gauntlet | Found a transporter.
 14683 | Gauntlet | Found a transporter.
 14684 | Gauntlet | Found a transporter.
 14688 | Gauntlet | Found a transporter.
 14688 | Gauntlet | Found a transporter.
 14696 | Gauntlet | Found a transporter.
 14697 | Gauntlet | Found a transporter.
 14698 | Gauntlet | Found a transporter.
 14699 | Gauntlet | Found a transporter.
 14708 | Gauntlet | Found a transporter.
 14708 | Gauntlet | Found a transporter.
 14709 | Gauntlet | Found the +3 pair of gauntlets of War {Slay+5}
 14720 | Gauntlet | Noticed a hell beast
 14924 | Gauntlet | Identified the +0 chain mail of the Arcane {Str-5 Dex+6}
 15058 | Gauntlet | Noticed a minotaur
 15073 | Gauntlet | HP: 2/104 [minotaur/+3 scimitar of holy wrath (9)]
 15075 | Gauntlet | Annihilated by a minotaur

Illustrated notes

Levels and vault maps discovered:
D:1:      matt_arrival_refuge, layout_basic, nicolae_hexahallways,
          item_on_display_b
D:2:      layout_basic, serial_aquarium, aquarium_bridge_straight
          [aquarium_subvault_bridge, aquarium_subvault_wall,
          aquarium_subvault_bridge, aquarium_subvault_wall],
          aquarium_bridge_straight [aquarium_subvault_bridge,
          aquarium_subvault_wall, aquarium_subvault_bridge,
          aquarium_subvault_wall], aquarium_window_1, aquarium_window_2,
          aquarium_window_corner, aquarium_view_2a, aquarium_balcony_5b,
          hellmonk_ecumenical_altar_blasted, basic_altar
D:3:      layout_rooms
D:4:      layout_loops_ring, uniq_natasha
D:5:      layout_basic
D:6:      layout_cave_pools, minmay_temple_entry_junction_2, uniq_sigmund,
          uniq_menkaure, uniq_maggie, uniq_prince_ribbit1
D:7:      layout_basic
D:8:      layout_basic, nicolae_zen_rock_garden
D:9:      layout_basic, nicolae_overflow_squiral, david_orc_3
D:10:     layout_irregular_city, chei_slow_surprise, serial_glass,
          glass_columns_a, glass_columns_b, glass_columns_a, glass_columns_c,
          glass_columns_a, glass_columns_b, feat_on_display,
          due_unseen_surprise, feat_on_display, feat_on_display
D:11:     layout_basic, minmay_lair_entry_grove, minivault_1,
          chequers_serial_rivers_micro_a, kennysheep_generic_room_14,
          uniq_psyche
Temple:   hellmonk_temple_divided_pantheon
Lair:1:   layout_gridlike, infiniplex_staircase_pool, uniq_jeremiah
Lair:2:   layout_hall_layers, beast_lair_carwin_5
Lair:3:   layout_gridlike, nicolae_swamp_entry_spooky,
          spider_nest_entry_funnel_web, minivault_26, st_stairs_13,
          minivault_27, grunt_forest_stairs_basic, dpeg_oklob_1
Lair:4:   layout_gridlike, slime_entry_1, gauntlet_entry_generic,
          nicolae_volcano_entry_s_turn, portal_ice_cave_entry_pillars_2,
          lemuel_fruit_fields
Gauntlet: minmay_gauntlet_mixed_big_or_small [gammafunk_gauntlet_arena_open,
          minmay_gauntlet_arena_77_double_cross,
          gammafunk_gauntlet_arena_arrow_garden,
          minmay_gauntlet_arena_77_terracotta_army,
          gammafunk_gauntlet_arena_teeth, minmay_gauntlet_arena_77_fan,
          gauntlet_exit_watery]

Skill      XL: |  1  2  3  4  5  6  7  8  9 10 11 12 13 |
---------------+----------------------------------------+-----
Conjurations   | 1 2 |  2.0
Dodging        | 2 |  2.0
Fighting       | 1 2 3 4 5 7 9 10 | 10.6
Spellcasting   | 3 4 5 |  5.0
Maces & Flails | 1 2 3 5 7 8 9 10 | 10.0
Armour         | 1 2 4 5 7 9 10 | 10.7
Alchemy        | 5 6 7 8 10 | 10.0
Invocations    | 3 10 12 | 12.0
Evocations     | 3 6 |  6.0
Fire Magic     | 1 4 |  4.0
Stealth        | |  2.4

Action                     |  1- 3 |  4- 6 |  7- 9 | 10-12 | 13-15 || total
---------------------------+-------+-------+-------+-------+-------++-------
  Melee: Unarmed           |     2 |       |       |       |       ||     2
         Dagger            |     1 |     2 |       |       |       ||     3
         Whip              |       |    37 |   179 |   399 |   205 ||   820
         Punch             |       |       |     1 |     6 |     5 ||    12
   Cast: Sting             |    62 |    51 |    55 |    11 |     1 ||   180
         Mercury Vapours   |       |     7 |    12 |    28 |     9 ||    56
         Olgreb's Toxic Ra |       |       |     7 |    48 |    14 ||    69
 Invoke: Recite            |       |       |     2 |    14 |     3 ||    19
         Vitalisation      |       |       |       |     1 |     4 ||     5
Ability: Dig               |     1 |       |     2 |     1 |       ||     4
  Evoke: Wand              |       |       |       |     2 |    16 ||    18
    Use: Potion            |       |       |     6 |     1 |     2 ||     9
         Scroll            |       |       |     5 |       |     5 ||    10
   Stab: Invisible         |       |       |       |     3 |     3 ||     6
         Sleeping          |       |       |       |     1 |       ||     1
         Paralysed         |       |       |       |       |    10 ||    10
         Confused          |       |       |       |       |     2 ||     2
 Armour: Robe              |     4 |       |       |       |       ||     4
         Ring mail         |    15 |    43 |    65 |       |       ||   123
         Swamp dragon scal |       |       |   102 |   426 |   305 ||   833
  Dodge: Dodged            |    14 |    26 |   127 |   284 |   161 ||   612
